 Dungeon Crawl Stone Soup version 0.26.1-2-gb8aa6d0cf2 (webtiles) character file.

Game seed: 3368071370339571414

426 Ladykiller69 the Chopper (level 6, -6/56 HPs)
             Began as a Hill Orc Fighter on Mar 27, 2021.
             Was an Initiate of Wu Jian.
             Shot with an arrow by a centaur (8 damage)
             ... on level 5 of the Dungeon.
             The game lasted 00:09:37 (4417 turns).

Ladykiller69 the Chopper (Hill Orc Fighter)         Turns: 4417, Time: 00:09:38

Health: -6/56      AC: 12    Str: 21    XL:     6   Next: 97%
Magic:  6/6        EV:  5    Int:  8    God:    Wu Jian [......]
Gold:   235        SH:  9    Dex: 10    Spells: 5/5 levels left

rFire    . . .     SeeInvis .   a - +0 war axe
rCold    . . .     Faith    .   c - +0 kite shield
rNeg     . . .     Spirit   .   r - +0 chain mail
rPois    .         Reflect  .   (no helmet)
rElec    .         Harm     .   u - +0 cloak
rCorr    .         Rampage  .   b - +0 pair of gloves
Will     .....                  (no boots)
Stlth    ..........             (no amulet)
HPRegen  0.18/turn              (no ring)
MPRegen  0.10/turn              (no ring)

@: no status effects
A: no striking features
a: Renounce Religion


You were on level 5 of the Dungeon.
You worshipped Wu Jian.
Wu Jian was noncommittal.
You visited 2 branches of the dungeon, and saw 6 of its levels.

You collected 235 gold pieces.

Inventory:

Hand Weapons
 a - a +0 war axe (weapon)
Armour
 b - a +0 pair of gloves (worn)
 c - a +0 kite shield (worn)
 r - a +0 chain mail (worn)
 u - a +0 cloak (worn)
Jewellery
 q - an uncursed amulet of regeneration {unknown}
Wands
 o - a wand of polymorph (9)
 s - a wand of iceblast (13)
Scrolls
 e - 6 scrolls of identify {unknown}
 f - 3 scrolls of remove curse {unknown}
 g - 2 scrolls of blinking {unknown}
 h - a scroll of random uselessness {unknown}
 i - 5 scrolls of magic mapping {unknown}
 n - 3 scrolls of enchant weapon {unknown}
 p - a scroll of fear {unknown}
Potions
 d - 2 potions of might
 j - 2 potions of curing
 k - a potion of attraction {unknown}
 l - a potion of haste {unknown}
 m - a potion of invisibility {unknown}
 t - a potion of magic {unknown}


   Skills:
 + Level 5.2 Fighting
 * Level 6.3 Axes
 + Level 4.6 Armour
 + Level 4.7 Shields


You had 5 spell levels left.
You didn't know any spells.
Your spell library contained the following spells:

 Spells                   Type           Power        Failure   Level
 Confusing Touch          Hex            0%           100%        3
 Gell's Gravitas          Tloc           0%           100%        3
 Petrify                  Tmut/Erth      0%           100%        4
 Metabolic Englaciation   Hex/Ice        0%           100%        5
 Yara's Violent Unravell  Hex/Tmut       0%           100%        5


Dungeon Overview and Level Annotations

Branches:
Dungeon (5/15)             Temple (1/1) D:4

Altars:
Ashenzari
Cheibriados
Dithmenos
Elyvilon
Fedhas
Gozag
Hepliaklqana
Kikubaaqudgha
Makhleb
Okawaru
Qazlal
Ru
Sif Muna
Trog
Uskayaw
Vehumet
Wu Jian
Xom
Yredelemnul
Zin
The Shining One


Message History

Unknown command.
The centaur shoots an arrow.
The arrow hits you.
* * * LOW HITPOINT WARNING * * *
You see here an arrow.
A centaur opens the door.
The adder barely misses you.
Found a stone staircase leading up.
The adder bites you but does no damage.
The centaur shoots an arrow.
The arrow hits you but does no damage.
You see here an arrow.
You block the adder's attack.
Found 13 sling bullets and a scroll labelled VERHEPP DERI.
The centaur shoots an arrow.
The arrow barely misses you.
The centaur shoots an arrow.
The arrow hits you.
* * * LOW HITPOINT WARNING * * *
You block the adder's attack.
The centaur shoots an arrow.
The arrow hits you.
* * * LOW HITPOINT WARNING * * *
The centaur shoots an arrow.
The arrow hits you!
You die...

###### #### #....# #...
####.##.###.############
.............O.@.......
####........(.c.S...##.#
#.......#...#s##.(#.#
#....##.....#.....# #
#....###########.......
#..s.' #.....#. #...(##
##.##... #....# .. ..(.
#...(# .#. ...


You could see an ogre, a centaur, a scorpion and an adder.

Vanquished Creatures
  A scorpion (D:4)
  Crazy Yiuf (D:4)
  An orc priest (D:3)
  2 centaur skeletons (D:4)
  2 worker ants (D:4)
  3 gnolls (D:3)
  10 adders
  An ooze (D:1)
  A worm (D:3)
  3 dart slugs
  A leopard gecko (D:2)
  5 orcs
  11 bats
  10 giant cockroaches
  6 goblins
  4 hobgoblins
  9 jackals
  5 kobolds
  2 ball pythons
  4 frilled lizards
  A leopard gecko skeleton (D:4)
  A quokka skeleton (D:2)
  6 rats
90 creatures vanquished.

Notes
Turn   | Place    | Note
-------+----------+-------------------------------------------
     0 | D:1      | Ladykiller69 the Hill Orc Fighter began the quest for the
                  | Orb.
     0 | D:1      | Reached XP level 1. HP: 19/19 MP: 1/1
    56 | D:1      | Reached skill level 3 in Axes
    94 | D:1      | Reached XP level 2. HP: 27/27 MP: 2/2
   314 | D:1      | Reached XP level 3. HP: 30/33 MP: 3/3
   848 | D:2      | Reached skill level 4 in Axes
  1045 | D:2      | Reached XP level 4. HP: 40/40 MP: 4/4
  1559 | D:2      | Reached XP level 5. HP: 40/47 MP: 5/5
  2027 | D:3      | Reached skill level 5 in Axes
  3399 | D:4      | Reached XP level 6. HP: 53/53 MP: 6/6
  3434 | D:4      | Found a staircase to the Ecumenical Temple.
  3500 | Temple   | Entered the Ecumenical Temple
  3588 | Temple   | Became a worshipper of the Wu Jian Council
  3715 | D:4      | Found a runed translucent door.
  3716 | D:4      | Noticed Crazy Yiuf
  3729 | D:4      | Killed Crazy Yiuf
  3978 | D:4      | Reached skill level 5 in Fighting
  4049 | D:4      | Reached skill level 6 in Axes
  4324 | D:5      | Entered Level 5 of the Dungeon
  4417 | D:5      | HP: 2/56 [centaur/arrow (6)]
  4417 | D:5      | Shot with an arrow by a centaur

Illustrated notes

Levels and vault maps discovered:
D:1:      dpeg_arrival_more_subterranean_lakeside_camping, layout_basic,
          hangedman_abyss_or_decor_stabs, minmay_heptomino_w4
D:2:      layout_basic, chequers_serial_rivers_micro_d, minmay_misc_feat_five
D:3:      layout_basic, serial_rivers, chequers_serial_rivers_small_3,
          chequers_serial_rivers_room_a, chequers_serial_rivers_micro_b,
          chequers_serial_rivers_small_b, chequers_serial_rivers_micro_e,
          chequers_serial_rivers_micro_a
D:4:      layout_loops_cross, temple_green, grunt_decor_fettered,
          uniq_crazy_yiuf_cottage
D:5:      layout_basic
Temple:   minmay_crystal_snake_temple

Skill      XL: |  1  2  3  4  5  6 |
---------------+-------------------+-----
Axes           | 3 4 5 6 |  6.3
Fighting       | 4 5 |  5.2
Armour         | 4 |  4.6
Shields        | 4 |  4.7

Action                   |  1- 3 |  4- 6 || total
-------------------------+-------+-------++-------
Melee: War axe           |    88 |   202 ||   290
Invok: Lunge             |       |     2 ||     2
Armor: Scale mail        |    49 |    54 ||   103
       Chain mail        |       |    82 ||    82
Dodge: Dodged            |    38 |    67 ||   105
Block: Kite shield       |    50 |   124 ||   174
